 Dungeon Crawl Stone Soup version 0.21.1-1-g345015f (webtiles) character file.

0 glosham the Skirmisher (level 1, -8/23 HPs)
             Began as a Gnoll Abyssal Knight on June 11, 2018.
             Was a Follower of Lugonu.
             Mangled by an ancient zyme (9 damage)
             ... on level 1 of the Abyss.
             The game lasted 00:01:33 (76 turns).

glosham the Skirmisher (Gnoll Abyssal Knight)         Turns: 76, Time: 00:01:33

Health: -8/23      AC:  4    Str: 12 (14) XL:     1   Next: 0%
Magic:  3/3        EV: 12    Int: 11 (14) God:    Lugonu [*.....]
Gold:   0          SH:  0    Dex: 11 (14) Spells: 0/0 levels left

rFire    . . .     SeeInvis .   a - +1 hand axe
rCold    . . .     Gourm    .   (no shield)
rNeg     . . .     Faith    .   b - +0 leather armour
rPois    .         Spirit   .   (no helmet)
rElec    .         Reflect  .   (no cloak)
rCorr    .         Harm     .   (no gloves)
MR       .....                  d - +0 pair of boots
Stlth    +.........             (no amulet)
HPRegen  0.00/turn              (no ring)
MPRegen  0.08/turn              (no ring)

@: non-regenerating, diseased
A: distributed training, fangs 1, strong nose
a: Depart the Abyss, Renounce Religion


You were on level 1 of the Abyss.
You worshipped Lugonu.
Lugonu was aware of your devotion.
You were not hungry.

You visited 0 branches of the dungeon, and saw 0 of its levels.
You visited the Abyss 1 time.

Inventory:

Hand Weapons
 a - a +1 hand axe (weapon)
Armour
 b - a +0 leather armour (worn)
 d - a +0 pair of boots (worn)
Comestibles
 c - a ration


   Skills:
 + Level 6.4 Fighting
 + Level 0.0 Short Blades
 + Level 0.0 Long Blades
 + Level 4.4 Axes
 + Level 0.0 Maces & Flails
 + Level 0.0 Polearms
 + Level 0.0 Staves
 + Level 0.0 Slings
 + Level 0.0 Bows
 + Level 0.0 Crossbows
 + Level 0.0 Throwing
 + Level 4.4 Armour
 + Level 2.3 Dodging
 + Level 0.0 Stealth
 + Level 0.0 Shields
 + Level 0.0 Unarmed Combat
 + Level 0.0 Spellcasting
 + Level 0.0 Conjurations
 + Level 0.0 Hexes
 + Level 0.0 Charms
 + Level 0.0 Summonings
 + Level 0.0 Necromancy
 + Level 0.0 Translocations
 + Level 0.0 Transmutations
 + Level 0.0 Fire Magic
 + Level 0.0 Ice Magic
 + Level 0.0 Air Magic
 + Level 0.0 Earth Magic
 + Level 0.0 Poison Magic
 + Level 4.4 Invocations
 + Level 0.0 Evocations


You couldn't memorise any spells.
You didn't know any spells.

Dungeon Overview and Level Annotations

Branches:
Dungeon (0/15)

Altars:


Innate Abilities, Weirdness & Mutations

Your experience applies equally to all skills.
You have very sharp teeth.
Your uncanny sense of smell can sniff out nearby items.


Message History

Welcome, glosham the Gnoll Abyssal Knight.
Will you be the one to retrieve the fabulous Orb of Zot from the depths?
Lugonu says: Depart the Abyss and spread corruption, my servant! (use the ability menu to exit the Abyss) Press ? for a list of commands and other information.
Found a corrupted altar of Lugonu.
Found a gateway leading out of the Abyss.
Found a pair of boots.
You see here a pair of boots.
d - a pair of boots Wear which item? (? for menu, Esc to quit)
You finish putting on your +0 pair of boots.
A small abomination comes into view.
Found a silvery potion.
You see here a silvery potion.
e - a silvery potion A kraken comes into view.
Found a gateway leading deeper into the Abyss.
An ancient zyme comes into view.
Tentacles burst out of the water!
You feel yourself growing ill in the presence of the ancient zyme.
The tentacle looks sick. x2 2 tentacles come into view.
You feel yourself growing ill in the presence of the ancient zyme.
A large abomination comes into view.
You feel ill.
It was a potion of degeneration.
There was something very wrong with that liquid.
You feel weakened.
You feel dopey.
You feel clumsy. The ancient zyme hits you!
Ouch! That really hurt!
The ancient zyme closely misses you.
You feel ill.
You hit the ancient zyme but do no damage.
The ancient zyme hits you. x2
* * * LOW HITPOINT WARNING * * *
You completely miss the ancient zyme. The ancient zyme hits you!
You die...

##...###....#.#.
.#.....#...#....#
....
.........#...#
.................#
.. ... ......#..#
..# ... #.....#
..# #...###..#X##
. ##.###....#x##
... #.#..#.@# # .#
# .###### .# ####
#§.. ##.. .# . .#
∆ #


You could see an ancient zyme and a large abomination.

Vanquished Creatures (others)
  4 tentacles (Abyss:1)
4 creatures vanquished.

Notes
Turn   | Place    | Note
-------+----------+-------------------------------------------
     0 | Abyss:1  | glosham the Gnoll Abyssal Knight began the quest for the Orb.
     0 | Abyss:1  | Reached XP level 1. HP: 23/23 MP: 3/3
    44 | Abyss:1  | Noticed a small abomination
    54 | Abyss:1  | Noticed a kraken
    55 | Abyss:1  | Noticed an ancient zyme
    69 | Abyss:1  | Noticed a large abomination
    75 | Abyss:1  | HP: 1/23 [ancient zyme (5)]
    76 | Abyss:1  | Mangled by an ancient zyme

Action                   || total
-------------------------++-------
Melee: Hand axe          ||     2
  Use: Potion            ||     1
Dodge: Dodged            ||     1

Table legend:
 A = Turns spent in this place as a percentage of turns spent in the entire game.
 B = Non-inter-level travel turns spent in this place as a percentage of non-inter-level travel turns spent in the entire game.
 C = Inter-level travel turns spent in this place as a percentage of turns spent in this place.
 D = Turns resting spent in this place as a percentage of non-inter-level travel turns spent in this place.
 E = Turns spent auto-exploring this place as a percentage of non-inter-level travel turns spent in this place.
 F = Non-inter-level travel turns spent in this place divided by the number of levels of this place that you've seen.
                   A       B       C       D       E      F
               +-------+-------+-------+-------+-------+----------------------
         Total | 100.0 | 100.0 |   0.0 |   0.0 |   0.0 |  76.0
         Abyss | 100.0 | 100.0 |   0.0 |   0.0 |   0.0 |  76.0
               +-------+-------+-------+-------+-------+----------------------

Vault maps used:
